AoeStats
← 念

Black Forest

510135563Analyzed
4v4 RM · 4d ago on Sep 29, 2026· 44m 20s· 8 players
Game mode
Random Map
Map size
Large (8 player)
Population
200
Speed
Normal
Resources
Standard
Victory
Conquest
Starting age
Dark Age
Ending age
Imperial Age
RankedLock teamsTeams togetherTeam positionsShared explorationLock speedFull tech treeHidden civsTurbo modeCheats
Victory
Defeat
🇯🇵 Koreans · Japan
1341
+15
🇭🇰 Teutons · Hong Kong SAR China
1334
+15
🇨🇳 Jurchens · China
1321
+16
🇦🇷 Franks · Argentina
1314
+16
🇩🇪 Italians · Germany
1374
-17
🇸🇬 Portuguese · Singapore
1366
-17
🇭🇰 Persians · Hong Kong SAR China
1276
-14
🇨🇳 Celts · China
1269
-14
302
7:04 Loom
9:24 Feudal Age
14:46 Wheelbarrow
16:05 Horse Collar
19:05 Castle Age
17:21 Double-Bit Axe
28:54 Gold Mining
32:08 Imperial Age
29:56 Hand Cart
32:11 Onager
33:53 Chemistry
33:14 Ballistics
33:00 Siege Engineers
33:45 Siege Onager
34:35 Fletching
36:47 Town Watch
37:13 Bow Saw
39:02 Guard Tower
38:57 Arrowslits
39:40 Bodkin Arrow
40:22 Keep
41:12 Scale Mail Armor
41:23 Forging
44:06 Bombard Tower
43:57 Masonry
ohawan12312
5:41 Loom
12:13 Feudal Age
16:08 Castle Age
14:16 Horse Collar
15:22 Double-Bit Axe
17:00 Wheelbarrow
17:16 Bow Saw
31:01 Imperial Age
28:48 Hand Cart
28:58 Gold Mining
29:28 Squires
29:34 Scale Mail Armor
29:44 Forging
31:11 Chain Mail Armor
30:20 Pikeman
32:06 Conscription
31:08 Elite Fire Lancer
32:50 Plate Mail Armor
34:10 Iron Casting
33:05 Heavy Rocket Cart
35:12 Shinkichon
35:05 Siege Engineers
35:19 Fletching
36:40 Chemistry
36:22 Halberdier
38:41 Arson
43:59 Bodkin Arrow
Bear
0:28 Loom
12:37 Feudal Age
16:52 Castle Age
14:57 Fletching
16:34 Double-Bit Axe
20:35 Bodkin Arrow
21:55 Wheelbarrow
28:47 Imperial Age
26:50 Bow Saw
28:35 Hand Cart
29:24 Padded Archer Armor
29:25 Scale Mail Armor
29:35 Forging
30:33 Murder Holes
34:02 Scale Barding Armor
34:33 Iron Casting
33:43 Elite Throwing Axeman
34:41 Chain Mail Armor
35:21 Leather Archer Armor
35:11 Husbandry
34:31 Cavalier
35:50 Caravan
37:10 Conscription
37:19 Chain Barding Armor
38:36 Blast Furnace
37:40 Paladin
39:26 Plate Barding Armor
Mustafa90
0:49 Loom
12:07 Feudal Age
16:04 Castle Age
14:02 Double-Bit Axe
21:41 Wheelbarrow
25:09 Town Watch
31:12 Imperial Age
28:32 Horse Collar
29:30 Bow Saw
30:45 Scale Barding Armor
31:29 Forging
33:00 Chemistry
33:07 Bloodlines
33:38 Chain Barding Armor
33:54 Iron Casting
35:14 Siege Engineers
34:50 Treadmill Crane
35:32 Conscription
36:17 Blast Furnace
35:18 Light Cavalry
37:56 Plate Barding Armor
37:43 Fletching
38:12 Hussar
38:50 Gold Mining
39:25 Husbandry
41:14 Block Printing
41:25 Illumination
41:35 Theocracy
41:40 Gold Shaft Mining
43:55 Sanctity
43:46 Fervor
43:52 Bodkin Arrow
44:15 Hand Cart
44:01 Town Patrol
anirone7589
1:48 Loom
14:45 Feudal Age
19:12 Castle Age
17:44 Double-Bit Axe
25:25 Imperial Age
24:03 Gold Mining
24:13 Stone Mining
27:40 Chemistry
29:54 Fletching
29:53 Town Watch
31:50 Conscription
34:53 Conscription
36:28 Arquebus
37:05 Bow Saw
38:19 Siege Engineers
39:01 Bodkin Arrow
39:50 Elite Organ Gun
42:00 Bracer
42:39 Masonry
念
11:21 Feudal Age
12:46 Double-Bit Axe
12:42 Horse Collar
12:53 Gold Mining
15:52 Castle Age
17:05 Wheelbarrow
17:31 Bow Saw
19:34 Loom
24:14 Wheelbarrow
25:35 Gold Shaft Mining
25:34 Hand Cart
26:19 Town Watch
26:37 Stone Mining
26:48 Scale Mail Armor
26:58 Forging
27:08 Heavy Plow
29:40 Imperial Age
29:11 Chain Mail Armor
29:32 Iron Casting
28:58 Pikeman
29:23 Arson
30:10 Onager
32:04 Chemistry
31:11 Siege Onager
33:48 Capped Ram
35:16 Coinage
35:35 Siege Engineers
35:41 Masonry
36:10 Siege Ram
36:50 Halberdier
38:57 Banking
39:12 Stone Shaft Mining
39:38 Blast Furnace
39:08 Plate Mail Armor
39:41 Blast Furnace
39:55 Ballistics
39:34 Murder Holes
39:51 Caravan
40:02 Guilds
stormgoing
5:12 Loom
11:09 Feudal Age
15:01 Castle Age
12:56 Double-Bit Axe
12:59 Horse Collar
16:46 Wheelbarrow
18:03 Bow Saw
22:15 Heavy Plow
25:01 Hand Cart
26:31 Coinage
26:03 Gold Mining
28:58 Imperial Age
27:28 Bloodlines
27:19 Husbandry
28:24 Scale Barding Armor
28:30 Forging
28:40 Cavalier
29:41 Chain Barding Armor
30:26 Guilds
30:48 Banking
30:05 Savar
31:30 Plate Barding Armor
32:02 Iron Casting
34:46 Blast Furnace
35:37 Caravan
38:04 Conscription
37:08 Elite War Elephant
Acces
0:52 Loom
13:50 Feudal Age
17:42 Fletching
19:46 Double-Bit Axe
22:17 Horse Collar
23:59 Gold Mining
25:24 Scale Mail Armor
25:27 Stone Mining
27:40 Castle Age
26:28 Forging
28:28 Forging
28:20 Bodkin Arrow
28:42 Crossbowman
29:52 Padded Archer Armor
30:36 Heavy Plow
32:17 Stone Shaft Mining
32:40 Thumb Ring
37:12 Imperial Age
36:36 Caravan
39:00 Chemistry
39:32 Bow Saw
41:20 Wheelbarrow
40:31 Town Watch
42:54 Hand Cart
Connection lost

Rejoining the realm…

Still unreachable

The connection could not be restored.

Session expired

The server has moved on; the page needs a fresh start.